Map: Blackburn LE

Players

Lilbow

  • Race: Protoss Protoss

uThermal - Winner!

  • Race: Terran Terran

Event: DreamHack SC2 Masters 2021 Fall

VOD

Have the link to the VOD?

Description

Time

  • Played on: July 28, 2021, 4:06 p.m.
  • Length: 6:56

All games in this series

Show
View Real Time Build Order
Export as new Build Order

Lilbow Protoss 

Build Orders: 1 Gate Expand, Blink Stalkers 

Get SALT Encoding   

  12  0:00  Probe  
  13  0:12  Probe  
  14  0:17  Pylon  
  14  0:24  Probe (Chrono Boost)  
  15  0:36  Gateway, Probe (Chrono Boost)  
  16  0:44  Probe (Chrono Boost)  
  16  0:46  Assimilator  
  17  0:51  Probe  
  18  1:03  Probe  
  19  1:15  Probe  
  20  1:23  Cybernetics Core  
  20  1:33  Nexus  
  20  1:37  Probe  
  21  1:42  Pylon  
  21  1:49  Probe  
  21  1:52  Assimilator  
  22  1:58  Adept (Chrono Boost)  
  24  2:01  Warp Gate  
  24  2:02  Probe  
  25  2:14  Probe (Chrono Boost)  
  26  2:20  Stalker  
  28  2:24  Probe (Chrono Boost)  
  28  2:29  Probe (Chrono Boost)  
  30  2:37  Twilight Council  
  31  2:44  Probe (Chrono Boost)  
  31  2:45  Probe (Chrono Boost)  
  32  2:54  Probe (Chrono Boost)  
  32  2:55  Gateway  
  32  2:56  Probe (Chrono Boost)  
  34  2:59  Probe (Chrono Boost)  
  34  3:02  Robotics Facility  
  35  3:06  Probe  
  35  3:11  Probe  
  37  3:17  Shield Battery  
  37  3:18  Probe  
  38  3:22  Blink (Chrono Boost)  
  38  3:23  Probe  
  39  3:30  Probe  
  40  3:35  Pylon  
  40  3:36  Probe  
  41  3:49  Observer (Chrono Boost)  
  41  3:50  Stalker  
  44  3:56  Nexus  
  44  3:57  Stalker  
  44  3:59  Probe  
  44  4:00  Probe  
  48  4:08  Assimilator  
  48  4:11  Probe  
  48  4:12  Probe  
  48  4:14  Stalker  
  52  4:23  Probe  
  52  4:24  Shield Battery, Probe  
  52  4:29  Pylon  
  53  4:32  Shield Battery  
  51  4:40  Pylon  
  51  4:44  Pylon  
  53  4:51  Stalker  
  55  4:52  Pylon  
  55  4:53  Stalker  
  55  4:57  Pylon  
  55  5:12  Gateway  
  51  5:14  Gateway x2  
  51  5:16  Stalker  
  51  5:17  Stalker  
  55  5:28  Gateway  
  54  5:32  Gateway  
  52  5:36  Shield Battery  
  52  5:43  Stalker  
  52  5:47  Probe (Chrono Boost)  
  55  5:50  Shield Battery  
  55  5:52  Shield Battery  
  55  5:56  Probe (Chrono Boost)  
  55  6:06  Stalker x2  
  55  6:11  Stalker x2  
  58  6:37  Pylon  
  58  6:38  Pylon  
  56  6:45  Nexus  
Show
View Real Time Build Order
Export as new Build Order

uThermal Terran - Winner!

Build Orders:  

Get SALT Encoding   

  12  0:00  SCV  
  13  0:12  SCV  
  14  0:17  Supply Depot  
  14  0:24  SCV  
  15  0:39  SCV  
  15  0:41  Barracks  
  16  0:43  Refinery  
  16  0:51  SCV  
  17  1:03  SCV  
  18  1:15  SCV  
  19  1:28  Marine  
  19  1:29  Orbital Command  
  20  1:44  Command Center  
  20  1:47  Barracks Reactor  
  20  1:54  Supply Depot  
  20  1:57  SCV  
  21  2:07  Factory  
  21  2:10  SCV  
  22  2:18  Bunker  
  22  2:22  Marine  
  22  2:23  Marine  
  22  2:25  SCV  
  25  2:30  Refinery  
  25  2:37  SCV  
  25  2:40  Marine x2  
  28  2:49  SCV  
  29  2:52  Starport  
  29  2:54  Widow Mine  
  31  3:03  Marine x2  
  33  3:08  Orbital Command  
  33  3:09  SCV  
  34  3:15  Factory Tech Lab  
  34  3:21  Marine x2  
  34  3:22  SCV  
  40  3:34  Siege Tank  
  40  3:39  Medivac  
  40  3:41  Marine, Supply Depot  
  43  3:42  Marine  
  43  3:43  SCV  
  43  3:45  SCV  
  46  4:02  Marine x2  
  46  4:03  SCV x2  
  46  4:05  Supply Depot  
  46  4:06  Siege Tank  
  53  4:15  SCV  
  54  4:27  Marine x2, SCV x2  
  54  4:29  Supply Depot  
  57  4:39  SCV x2  
  57  4:42  Siege Tank  
  57  4:45  Marine x2  
  62  4:52  Supply Depot  
  62  4:54  Liberator  
  62  4:59  SCV  
  66  5:02  Marine x2  
  65  5:12  SCV  
  65  5:16  Barracks x2  
  65  5:17  Siege Tank  
  65  5:20  Marine  
  68  5:23  Marine  
  69  5:29  Bunker  
  69  5:32  Bunker  
  69  5:38  Marine, Starport Tech Lab  
  69  5:39  SCV  
  69  5:41  Marine  
  71  5:45  Supply Depot  
  71  5:46  SCV  
  71  5:49  Siege Tank  
  75  5:52  SCV  
  75  5:56  Marine  
  77  5:59  Marine  
  77  6:00  Supply Depot  
  78  6:05  Barracks Tech Lab  
  78  6:09  SCV  
  79  6:12  Marine  
  79  6:13  SCV  
  79  6:14  Marine  
  79  6:16  Marine  
  81  6:22  SCV  
  82  6:30  Marine x2  
  87  6:35  Marine  
  87  6:36  SCV  
  88  6:40  Refinery, Engineering Bay  
  88  6:42  Refinery  

Tags
 
Add a new tag
Caveats
  • Supply blocks, unpowered buildings, or Contaminate may cause inaccurate times.
  • Supply counts are checked every 10 seconds.